 Dungeon Crawl Stone Soup version 0.25-a0-782-g655279ceaa (webtiles) character file.

Game seed: 8631200619724705374, levelgen mode: deterministic

39 Voda the Ducker (level 3, -3/17 HPs)
             Began as a Felid Chaos Knight on Apr 17, 2020.
             Was a Plaything of Xom.
             Slain by an orc priest
             ... wielding a +0 falchion
              (6 damage)
             ... on level 3 of the Dungeon.
             The game lasted 00:09:08 (3255 turns).

Voda the Ducker (Felid Chaos Knight)                Turns: 3255, Time: 00:09:08

Health: -3/17      AC:  1    Str:  8    XL:     3   Next: 26%
Magic:  4/4        EV: 19    Int: 14    God:    Xom [.*....]
Gold:   81         SH:  0    Dex: 15    Spells: 2/2 levels left
                                        Lives:  0   Deaths: 0

rFire    . . .     SeeInvis +     - Unarmed
rCold    . . .     Gourm    .   (shield unavailable)
rNeg     . . .     Faith    .   (armour unavailable)
rPois    .         Spirit   .   (helmet unavailable)
rElec    .         Reflect  .   (cloak unavailable)
rCorr    .         Harm     .   (gloves unavailable)
MR       .....                  (boots unavailable)
Stlth    ++........             (no amulet)
HPRegen  0.05/turn              (no ring)
MPRegen  0.09/turn              (no ring)

@: quick
A: very small, no armour, no weapons or thrown items, stealth, claws 1, fangs 3,
see invisible, carnivore, speed 1, shaggy fur 1, slow metabolism 1, MP-powered
wands, sharp paws
a: Renounce Religion


You were on level 3 of the Dungeon.
You worshipped Xom.
You were a plaything of Xom.
You were full.

You visited 1 branch of the dungeon, and saw 3 of its levels.

You collected 81 gold pieces.

Inventory:

Scrolls
 b - a scroll of teleportation {unknown}
 c - 2 scrolls of remove curse
 d - a scroll of random uselessness {unknown}
 e - 3 scrolls of identify {unknown}
 g - a scroll of amnesia {unknown}
Potions
 f - a potion of invisibility {unknown}
 h - 2 potions of might {unknown}
 i - a potion of haste {unknown}
 j - a potion of heal wounds {unknown}
Comestibles
 a - 5 rations


   Skills:
 - Level 3.0 Fighting
 + Level 4.3 Dodging
 + Level 1.0 Stealth
 + Level 3.7 Unarmed Combat


You had 2 spell levels left.
You didn't know any spells.
Your spell library was empty.

Dungeon Overview and Level Annotations

Branches:
Dungeon (3/15)

Altars:

Annotations:
D:2 Jessica


Innate Abilities, Weirdness & Mutations

You cannot wear armour.
You are incapable of wielding weapons or throwing items.
Your paws allow you to move quietly. (Stealth)
You have sharp claws.
You have razor-sharp teeth.
You have supernaturally acute eyesight. (SInv)
You are carnivorous and can eat meat at any time.
You cover ground quickly.
You are covered in fur. (AC +1)
You have a slow metabolism.
Your sharp claws are effective at attacking unaware monsters.
You expend magic power (3 MP) to strengthen your wands.


Message History

Unknown command.
You scratch the orc priest.
The orc priest is moderately wounded.
The orc priest closely misses you.
Unknown command.
You completely miss the orc priest.
The orc priest is moderately wounded.
The orc priest completely misses you.
Unknown command.
You barely miss the orc priest.
The orc priest is moderately wounded.
Unknown command.
You barely miss the orc priest. You bite the orc priest.
The orc priest is heavily wounded.
The orc priest hits you with a +0 falchion.
* * * LOW HITPOINT WARNING * * *
You scratch the orc priest.
The orc priest is severely wounded.
The orc priest hits you with a +0 falchion.
You die...

######o########.#
.................#
#######....#######
####.# #.# #.# #.#
#########o#
.?......@.#
.##########


You could see an orc priest.

Vanquished Creatures
  A leopard gecko (D:1)
  4 orcs
  3 bats
  5 goblins
  2 hobgoblins (D:2)
  4 jackals
  A quokka (D:2)
  3 frilled lizards
  3 kobolds (D:2)
  6 rats
32 creatures vanquished.

Notes
Turn   | Place    | Note
-------+----------+-------------------------------------------
     0 | D:1      | Voda the Felid Chaos Knight began the quest for the Orb.
     0 | D:1      | Reached XP level 1. HP: 10/10 MP: 2/2
    36 | D:1      | XOM: silly message
    58 | D:1      | XOM: silly message
   196 | D:1      | XOM: silly message
   367 | D:1      | XOM: divination: detect items
   701 | D:1      | XOM: silly message
  1132 | D:2      | Noticed Jessica
  1203 | D:2      | Reached XP level 2. HP: 14/14 MP: 3/3
  1227 | D:2      | XOM: noise
  1304 | D:2      | XOM is BORED!
  1304 | D:2      | XOM: give mutations
  1304 | D:2      | Gained mutation: You are clumsy. (Dex -2) [Xom's mischief]
  1340 | D:2      | XOM: noise
  1490 | D:2      | XOM: butterfly on damage
  1546 | D:1      | Reached skill level 4 in Dodging
  2035 | D:1      | XOM: summons 1 hostile demon
  2256 | D:1      | XOM: noise
  2277 | D:1      | Reached XP level 3. HP: 10/17 MP: 4/4
  2413 | D:2      | XOM: summons 1 hostile demon
  2705 | D:3      | XOM: give mutations
  2705 | D:3      | Gained mutation: You expend magic power (3 MP) to
                  | strengthen your wands. [Xom's mischief]
  2705 | D:3      | Lost mutation: You are clumsy. (Dex -2) [Xom's mischief]
  2816 | D:3      | XOM: swap monsters
  2944 | D:3      | Reached skill level 1 in Stealth
  3255 | D:3      | Slain by an orc priest

Levels and vault maps discovered:
D:1:      nzn_arrival_crosshair, layout_basic
D:2:      layout_rooms, minmay_increasing_density, uniq_jessica
D:3:      layout_loops_ring, uniq_ijyb

Skill      XL: |  1  2  3 |
---------------+----------+-----
Dodging        | 4 |  4.3
Stealth        | 1 |  1.0
Fighting       | |  3.0
Unarmed Combat | |  3.7

Action                   || total
-------------------------++-------
Melee: Unarmed           ||   103
       Bite              ||     8
  Use: Scroll            ||     1
 Stab: Sleeping          ||     1
       Distracted        ||     1
  Eat: Chunk             ||     9
Armor: Skin              ||     8
Dodge: Dodged            ||   102

Table legend:
 A = Non-vault XP
 B = Vault XP
 C = Vault XP percentage of total XP
 D = Non-vault monster count
 E = Vault monster count
 F = Vault count percentage of total count
                 A         B        C        D         E       F
            +---------+---------+-------+---------+---------+-------
      Total |      51 |       5 |   8.9 |      29 |       3 |   9.4
            +---------+---------+-------+---------+---------+-------
        D:1 |      18 |       0 |   0.0 |      11 |       0 |   0.0
        D:2 |      23 |       5 |  17.9 |      14 |       3 |  17.6
        D:3 |      10 |       0 |   0.0 |       4 |       0 |   0.0
            +---------+---------+-------+---------+---------+-------
